 Dungeon Crawl Stone Soup version 0.28.0-43-g3370ac3207 (webtiles) character file.

Game seed: 17927876827177361039

39 Zeld the Gusty (level 3, 0/19 HPs)
             Began as a Tengu Air Elementalist on Apr 1, 2022.
             Succumbed to an adder's poison
             ... on level 2 of the Dungeon.
             The game lasted 00:01:44 (1530 turns).

Zeld the Gusty (Tengu Air Elementalist)             Turns: 1530, Time: 00:01:46

Health: 0/19       AC:  2    Str:  8    XL:     3   Next: 47%
Magic:  8/16       EV: 12    Int: 17    God:
Gold:   44         SH:  0    Dex: 14    Spells: 1/7 levels left

rFire   . . .      SeeInvis +   (no weapon)
rCold   . . .      Faith    .   (no shield)
rNeg    . . .      Spirit   .   a - +0 robe
rPois   .          Reflect  .   (helmet restricted)
rElec   .          Harm     .   (no cloak)
rCorr   .          Rampage  .   (no gloves)
Will    .....                   (boots unavailable)
Stlth   ++........              (no amulet)
HPRegen 0.06/turn               c - ring of see invisible
MPRegen 0.15/turn               d - ring of magical power

@: lethally poisoned (0 -> -8)
A: beak, talons 3
a: no special abilities


You were on level 2 of the Dungeon.
You visited 1 branch of the dungeon, and saw 2 of its levels.

You collected 44 gold pieces.

Inventory:

Armour
 a - a +0 robe (worn)
Jewellery
 c - a ring of see invisible (left hand)
 d - a ring of magical power (right hand)
Potions
 b - a potion of mutation {unknown}


   Skills:
 + Level 2.6 Dodging
 + Level 2.2 Stealth
 * Level 2.5 Spellcasting
 + Level 1.9 Conjurations
 * Level 4.6 Air Magic


You had one spell level left.
You knew the following spells:

 Your Spells              Type           Power      Damage    Failure   Level
a - Shock                 Conj/Air       52%        1d6       4%          1
b - Static Discharge      Conj/Air       13%        N/A       7%          2
c - Swiftness             Air            17%        N/A       9%          3

Your spell library contained the following spells:

 Spells                   Type           Power      Damage    Failure   Level
 Airstrike                Air            8%         N/A       26%         4


Dungeon Overview and Level Annotations

Branches:
Dungeon (2/15)

Altars:


Innate Abilities, Weirdness & Mutations

You have a beak for a mouth.
You have claws for feet.


Message History

The zap hits the adder.
The adder is heavily wounded.
Unknown command.
Casting: Shock (safe; 4% risk of failure)
Confirm with . or Enter, or press ? or * to list all spells.
Aiming: Shock (safe; 4% risk of failure)
Press: ? - help, Shift-Dir - straight line, f/p - adder
Aim: an adder (heavily wounded, 48% to hit)
The zap misses the adder.
The adder bites you.
You are poisoned.
The adder poisons you!
Your magical contamination has completely faded away.
Casting: Shock (safe; 4% risk of failure)
Confirm with . or Enter, or press ? or * to list all spells.
Aiming: Shock (safe; 4% risk of failure)
Press: ? - help, Shift-Dir - straight line, f/p - adder
Aim: an adder (heavily wounded, 48% to hit)
The zap hits the adder.
The adder is almost dead.
You feel sick. The adder bites you.
You are lethally poisoned!
The adder poisons you! The adder bites you.
* * * LOW HITPOINT WARNING * * *
Casting: Shock (safe; 4% risk of failure)
Confirm with . or Enter, or press ? or * to list all spells.
Aiming: Shock (safe; 4% risk of failure)
Press: ? - help, Shift-Dir - straight line, f/p - adder
Aim: an adder (almost dead, 48% to hit)
The zap hits the adder.
The adder is almost dead.
* * * LOW HITPOINT WARNING * * *
You feel sick. The adder misses you.
Casting: Shock (safe; 4% risk of failure)
Confirm with . or Enter, or press ? or * to list all spells.
Aiming: Shock (safe; 4% risk of failure)
Press: ? - help, Shift-Dir - straight line, f/p - adder
Aim: an adder (almost dead, 48% to hit)
The zap hits the adder.
You kill the adder!
You die...

#####...#####
...!.......
.........
....$..
#.....#
#)....#
#.....#
######.††..#
.......@...#
....>.†....#
.###...#.#.#
#.[....#†#
#..........
#.....###.##
..#.... .
.###... #


There were no monsters in sight!

Vanquished Creatures
  2 adders (D:2)
  A dart slug (D:1)
  2 bats (D:1)
  3 endoplasms (D:1)
  A giant cockroach (D:1)
  2 goblins (D:1)
  3 hobgoblins
  A quokka (D:1)
  4 ball pythons (D:1)
  4 frilled lizards (D:1)
  2 kobolds
  3 rats
28 creatures vanquished.

Vanquished Creatures (others)
  4 demonic plants (D:2)
  3 fungi (D:2)
  4 plants (D:2)
  4 withered plants (D:2)
15 creatures vanquished.

Grand Total: 43 creatures vanquished

Notes
Turn   | Place    | Note
-------+----------+-------------------------------------------
     0 | D:1      | Zeld the Tengu Air Elementalist began the quest for the
                  | Orb.
     0 | D:1      | Reached XP level 1. HP: 10/10 MP: 4/4
   284 | D:1      | Reached XP level 2. HP: 15/15 MP: 4/6
   872 | D:1      | Reached XP level 3. HP: 19/19 MP: 5/7
   875 | D:1      | Learned a level 2 spell: Static Discharge
   879 | D:1      | Learned a level 3 spell: Swiftness
  1530 | D:2      | Succumbed to an adder's poison

Illustrated notes

Levels and vault maps discovered:
D:1:      doesnt_arrival_eight_statues, layout_loops_corners
D:2:      layout_loops_cross, shapermc_ecumenical_altar_gd, minmay_tetromino_o2,
          uniq_sigmund, uniq_robin, uniq_jessica

Action                   || total
-------------------------++-------
Melee: Unarmed           ||     2
       Kick              ||     2
 Cast: Shock             ||    56
Dodge: Dodged            ||     8
